 Dungeon Crawl Stone Soup version 0.31-a0-632-g766dd24fdf (webtiles) character file.

Game seed: 12621740111330098865

2 ytrimaz the Ruffian (level 1, -1/22 HPs)
             Began as a Demonspawn Shapeshifter on Aug 25, 2023.
             Succumbed to a kobold's poison
             ... on level 1 of the Dungeon.
             The game lasted 00:00:10 (83 turns).

ytrimaz the Ruffian (Demonspawn Shapeshifter)         Turns: 83, Time: 00:00:11

Health: -1/22      AC: 20    Str: 15    XL:     1   Next: 25%
Magic:  1/1        EV: -1    Int:  9    God:
Gold:   14         SH:  0    Dex: 13    Spells: 0/0 levels left

rFire   . .          .
                       - Unarmed
rCold   . . .        (no shield)
rNeg    . . .        a - melded +0 animal skin
rPois   +            (helmet currently unavailable)
rElec   .            (cloak currently unavailable)
rCorr   .            (gloves currently unavailable)
SInv    .            (boots currently unavailable)
Will    .....        (no amulet)
Stlth   +            (no ring)
HPRegen 0.23/turn    (no ring)
MPRegen 0.07/turn

%: no passive effects
@: lethally poisoned (-1 -> -15), tree-form, constricted
A: stationary, stasis, torment immunity, boosted hp
a: no special abilities


You were on level 1 of the Dungeon.
You were a tree.
You visited 1 branch of the dungeon, and saw 1 of its levels.

You collected 14 gold pieces.


   Skills:
 - Level 1.0 Fighting
 - Level 1.7 Dodging
 * Level 2.8 Unarmed Combat
 + Level 2.7 Shapeshifting


You couldn't memorise any spells.
You didn't know any spells.
Your spell library was empty.

Inventory:

Armour
 a - a +0 animal skin (melded)
Talismans
 c - a beast talisman
 d - a flux talisman

Dungeon Overview and Level Annotations

Branches:
Dungeon (1/15) Zot: 5915

Altars:

..# #.### ##
#.#.... #.#.#.
#.... #.#.# #
########.#S#.###.#
.........$♣K.l...#
######.##.#.#####
# #.##.# ..
..####.##.# ##
#.#.##.##..
#..#.#.####
#.###..# ##.#.###
#..##


You could see a ball python, a kobold and a frilled lizard.


Message History

🤖 Initializing magus.rc ...
Options error: Delay interrupt name "hungry" not recognised. (~/.crawlrc:4375) Bad monster_list_colour key: strict_neutral Options error: Unknown color in colour mapping: 'purle:scroll.*immolation' Bad channel name 'pray' for runrest: 'pray:' Options error: Missing colour in message_colour setting: 'that.*feels deathly cold' Options error: Missing colour in message_colour setting: 'and you must be Full or above to equip it' Options error: Missing colour in message_colour setting: 'but rights himself reflexively soon after' Options error: Missing colour in message_colour setting: 'before it is too late' ✅ Successfully initialized magus.rc [v1.9.6] Welcome, ytrimaz the Demonspawn Shapeshifter.
Everyone else who sought the Orb of Zot has failed.
Will you be different?
Press ? for a list of commands and other information.
Found a mace.
Found a staircase leading out of the dungeon.
You enter the shallow water.
Moving in this stuff is going to be slow.
Found a stone staircase leading down.
Key pressed, stopping explore.
A kobold comes into view. It is wielding a +0 dagger.
A kobold is nearby!
A kobold is nearby!
A kobold is nearby!
A kobold is nearby!
The kobold shouts!
A bat comes into view.
The bat barely misses you.
You hit the bat.
You kill the bat!
The kobold throws a stone.
The stone closely misses you.
Found a stone staircase leading down.
The kobold throws a stone.
The stone hits you but does no damage. The kobold barely misses you.
You hit the kobold.
You kill the kobold!
Unknown command.
No target in view!
Things that are here:
a +0 dagger; a stone; a kobold corpse No target in view!
Unknown command.
You now have 14 gold pieces.
Things that are here:
a +0 dagger; a stone; a kobold corpse Key pressed, stopping explore.
A kobold comes into view.
It is wielding a +1 short sword of venom.
The kobold shouts!
You hear an angry hiss. x2
A kobold is nearby!
A kobold is nearby!
A kobold is nearby!
A kobold is nearby!
A ball python comes into view.
You see here 11 gold pieces.
A frilled lizard comes into view.
The kobold closely misses you.
There are monsters nearby!
You closely miss the kobold.
The kobold hits you with a +1 short sword of venom.
You are poisoned. 😕 HP[-3]
You take 3 damage, and now have 12/15 hp.
You hit the kobold but do no damage.
You feel sick.
The ball python closely misses you. x2; The kobold misses you. 😮 HP[-2]
You take 2 damage, and now have 10/15 hp.
You are too injured to fight recklessly!
You hit the kobold but do no damage.
You feel sick. The ball python bites you.
* * * LOW HITPOINT WARNING * * *
The ball python closely misses you.
The kobold hits you with a +1 short sword of venom.
* * * LOW HITPOINT WARNING * * *
You are more poisoned.
The ball python misses you. The ball python grabs you.
The ball python constricts you.
* * * LOW HITPOINT WARNING * * *
😱 HP[-9]
You take 9 damage, and now have 1/15 hp.
MASSIVE DAMAGE!! (PAUSE)
Your transformation has ended.
You turn into a tree.
Your +0 animal skin melds into your body.
Your roots penetrate the ground.
You die...

Action                     || total
---------------------------++-------
  Melee: Unarmed           ||     5
    Use: Potion            ||     1
 Armour: Animal skin       ||     1
  Dodge: Dodged            ||     9

Levels and vault maps discovered:
D:1:      lemuel_arrival_river_bridge, layout_loops_ring, serial_shops, shop,
          minmay_pentomino_v4

Notes
Turn   | Place    | Note
-------+----------+-------------------------------------------
     0 | D:1      | ytrimaz the Demonspawn Shapeshifter began the quest for the
                  | Orb.
     0 | D:1      | Reached XP level 1. HP: 15/15 MP: 1/1
     0 | D:1      | magus.rc [v1.9.6]
    82 | D:1      | HP: 2/15 [kobold/+1 short sword of venom (5)]
    83 | D:1      | Succumbed to a kobold's poison

Vanquished Creatures
  A bat (D:1)
  A kobold (D:1)
2 creatures vanquished.

Table legend:
 A = Non-vault XP
 B = Vault XP
 C = Vault XP percentage of total XP
 D = Non-vault monster count
 E = Vault monster count
 F = Vault count percentage of total count
                 A         B        C        D         E       F
            +---------+---------+-------+---------+---------+-------
      Total |       3 |       0 |   0.0 |       2 |       0 |   0.0
            +---------+---------+-------+---------+---------+-------
        D:1 |       3 |       0 |   0.0 |       2 |       0 |   0.0
            +---------+---------+-------+---------+---------+-------

Action                     || total
---------------------------++-------
  Melee: Unarmed           ||     5
    Use: Potion            ||     1
 Armour: Animal skin       ||     1
  Dodge: Dodged            ||     9

Illustrated notes

Table legend:
 A = Kills in this place as a percentage of kills in the entire game.
 B = Kills by you in this place as a percentage of kills by you in the entire game.
 C = Kills by friends in this place as a percentage of kills by friends in the entire game.
 D = Other kills in this place as a percentage of other kills in the entire game.
 E = Experience gained in this place as a percentage of experience gained in the entire game.
 F = Experience gained in this place divided by the number of levels of this place that you have seen.
                   A       B       C       D       E      F
               +-------+-------+-------+-------+-------+----------------------
         Total | 100.0 | 100.0 |   N/A |   N/A | 100.0 |   3.0
       Dungeon | 100.0 | 100.0 |   N/A |   N/A | 100.0 |   3.0
               +-------+-------+-------+-------+-------+----------------------

Table legend: (Time is in decaauts)
 A = Elapsed time spent in this place.
 B = Non-inter-level travel time spent in this place.
 C = Inter-level travel time spent in this place.
 D = Time resting spent in this place.
 E = Time spent auto-exploring this place.
 F = Levels seen in this place.
 G = Mean time per level.
                   A        B        C        D        E       F      G
               +--------+--------+--------+--------+--------+-----+--------+
         Total |     84 |     84 |      0 |      0 |     66 |   1 |   84.0 |
       Dungeon |     84 |     84 |      0 |      0 |     66 |   1 |   84.0 |
               +--------+--------+--------+--------+--------+-----+--------+

Top non-repeatable levels by time:
     D:1: 84 daAuts
